 Dungeon Crawl Stone Soup version bcrawl-1.40.3b (webtiles) character file.

Game seed: 14085621372920441415

475984 rumpelstilzz the Chucker (level 11, -1/107 HPs)
             Began as a Troll Warper on Feb 11, 2024.
             Was a High Priest of Qazlal.
             Killed from afar by Fannar (14 damage)
             ... with a bolt of cold
             ... on level 10 of the Dungeon.
             The game lasted 00:34:28 (9344 turns).

rumpelstilzz the Chucker (Troll Warper)             Turns: 9344, Time: 00:34:28

Health: -1/107     AC: 11    Str: 21    XL:     11   Next: 97%
Magic:  18/18      EV: 12    Int: 11    God:    Qazlal [*****.]
Gold:   833        SH:  7    Dex: 11    Spells: 13/21 levels left

rFire    . . .     GDR:     27% a - +6 giant spiked club
rCold    + . .     SeeInvis .   (shield currently unavailable)
rNeg     . . .     Gourm    +   (armour unavailable)
rPois    .         Faith    .   (helmet restricted)
rElec    .         Spirit   .   t - +1 cloak
rCorr    .         Reflect  .   (gloves unavailable)
MR       .....                  (boots unavailable)
Stlth    +.........             s - amulet of the acrobat
HPRegen  0.67/turn              (no ring)
MPRegen  0.16/turn              (no ring)

@: protected from cold, repel missiles
A: large, almost no armour, claws 3, fast metabolism 3, gourmand, regeneration
1, AC +9
a: Upheaval, Elemental Force, Become The Storm, Renounce Religion


You were on level 10 of the Dungeon.
You worshipped Qazlal.
Qazlal was extremely pleased with you.
You were very full.

You visited 3 branches of the dungeon, and saw 12 of its levels.
You also visited: Sewer and Ossuary.

You collected 1020 gold pieces.
You spent 187 gold pieces at shops.

Inventory:

Hand Weapons
 a - a +6 giant spiked club (weapon)
Missiles
 f - 4 throwing nets {=f}
 g - 94 javelins
 q - 1596 stones
 C - 88 poisoned tomahawks
 E - 43 large rocks (quivered)
Armour
 t - a +1 cloak (worn)
Jewellery
 s - an amulet of the acrobat (around neck)
 F - an uncursed amulet of magic regeneration {unknown}
Wands
 h - a wand of paralysis (6)
 o - a wand of charming (5)
 y - a wand of disintegration (12)
 A - a wand of iceblast (9)
 B - a wand of flame (63)
 D - a wand of random effects (8)
Scrolls
 c - 3 scrolls of blinking
 d - a scroll of amnesia
 i - 6 scrolls of identify
 j - 7 scrolls of remove curse
 m - a scroll of revelation
 p - 6 scrolls of teleportation
 r - a scroll of summoning
Potions
 b - 5 potions of might
 k - 7 potions of flight
 l - 7 potions of curing
 n - a potion of ambrosia
 u - 4 potions of brilliance
 v - 5 potions of heal wounds
 x - 3 potions of agility
 z - a potion of haste
Comestibles
 e - 30 rations {!d}
 w - 2 chunks of flesh


   Skills:
 * Level 6.5 Fighting
   Level 0.6 Short Blades
 + Level 5.5 Maces & Flails
 * Level 7.1 Throwing
 * Level 6.7 Dodging
 - Level 0.2 Stealth
 + Level 4.8 Unarmed Combat
 * Level 5.6 Spellcasting
 + Level 3.7 Hexes
 * Level 5.3 Translocations
 + Level 2.6 Ice Magic
 + Level 3.6 Invocations
 + Level 2.5 Evocations


You had 13 spell levels left.
You knew the following spells:

 Your Spells              Type           Power        Failure   Level  Hunger
a - Portal Projectile     Tloc           ##....       7%          3    ##.....
b - Tukima's Dance        Hex            ##......     13%         3    ##.....
c - Ensorcelled Hibernat  Hex/Ice        ##....       9%          2    None

Your spell library contained the following spells:

 Spells                   Type           Power        Failure   Level  Hunger
 Apportation              Tloc           ##....       2%          1    None
 Blink Other              Tloc           ##....       2%          1    None
 Blink                    Tloc           N/A          3%          2    None
 Slow                     Hex            ##......     4%          1    None
 Teleport Other           Tloc           ##......     7%          3    ##.....
 Confuse                  Hex            ##......     13%         3    ##.....
 Dazzling Orbs            Conj/Hex       #......      28%         3    ##.....
 Cause Fear               Hex            ##........   41%         4    ####...
 Passage of Golubria      Tloc           N/A          52%         5    ######.


Dungeon Overview and Level Annotations

Branches:
Dungeon (10/12)            Temple (1/1) D:4            Lair (0/6) D:8
    Orc (1/1) D:10
  Slime: Orc:1

Altars:
Ashenzari
Cheibriados
Dithmenos
Elyvilon
Fedhas
Gozag
Hepliaklqana
Kikubaaqudgha
Lugonu
Makhleb
Nemelex Xobeh
Okawaru
Qazlal
Ru
Sif Muna
Trog
Uskayaw
Vehumet
Wu Jian
Xom
Yredelemnul
Zin
The Shining One
Beogh

Shops:
D:4 **   D:6 %   D:9 ?

Annotations:
D:5 2 transporters
D:6 3 runed translucent doors, polpettosauro's ghost, novice OgFE
D:10 Fannar


Innate Abilities, Weirdness & Mutations

You cannot wear most types of armour.
Your thick skin is tough. (AC +9)
You are too large for most types of armour.
You have claws for hands.
Your metabolism is lightning-fast.
You like to eat raw meat.
Your natural rate of healing is unusually fast.


Message History

Fannar points at you and mumbles some strange words.
You resist. The freezing cloud engulfs you!
* * * LOW HITPOINT WARNING * * *
The ice beast hits you but does no damage.
You barely miss Fannar.
Fannar is severely wounded.
You barely miss the ice beast. x2; Fannar is engulfed in freezing vapours.
Fannar hits you but does no damage. Fannar freezes you.
* * * LOW HITPOINT WARNING * * *
The ice beast closely misses you. The ice beast misses you.
Fannar is engulfed in freezing vapours.
Fannar hits you but does no damage. Fannar freezes you.
* * * LOW HITPOINT WARNING * * *
The ice beast hits you but does no damage.
You barely miss Fannar.
Fannar is severely wounded.
You puncture the ice beast! You barely miss the ice beast.
Fannar points at you and mumbles some strange words.
You resist. The bolt of cold hits you!
You die...

...<....####
.....[[)##.#######
......<)##.#.....#
.....[.[...8.....#
.....[..#..'.....#
..[.....##.8..⌠.°#
........##.#..○°§#
........##.#..○eY#
........##.#8.°Y@#
........##.#..°°)#
........##.#...°○#
...........8..°○○#
........#..'.☼○○.#
........##.8.....#
........##.#.....#
........##.########
..................#


You could see Fannar and 2 ice beasts.

Vanquished Creatures
  A hydra (D:10)
  Harold (D:8)
  2 two-headed ogres
  A tengu warrior (D:10)
  Nergalle (D:9)
  A cyclops (D:10)
  A wolf spider zombie (D:9)
  An ugly thing (D:10)
  A komodo dragon (D:9)
  2 eyes of draining
  2 trolls (D:9)
  A meliai zombie (D:10)
  2 hippogriffs
  8 yaks
  A wyvern (D:9)
  A hungry ghost (D:8)
  A vampire mosquito (D:9)
  3 crocodiles
  3 wargs (D:10)
  3 water moccasins
  4 porcupines
  Purgy (Sewer)
  2 ice beasts
  5 orc warriors
  A black bear (D:9)
  2 phantoms
  4 sky beasts
  4 ogres
  2 necrophages
  4 kobold brigands
  3 bullfrogs
  5 centaurs
  2 gnoll sergeants
  7 wights
  7 orc priests
  5 crimson imps
  11 hounds
  5 jellies
  A bullfrog skeleton (D:10)
  3 gnoll shamans
  6 iguanas
  7 orc wizards
  8 worker ants
  3 hound zombies (Ossuary)
  2 hound skeletons
  5 mummies
  A worker ant zombie (D:8)
  Robin (D:2)
  25 gnolls
  A howler monkey zombie (D:7)
  2 river rats (D:6)
  10 adders
  2 shadow imps
  An ooze (D:1)
  4 adder zombies
  7 worms
  2 dart slugs
  3 leopard geckos
  50 orcs
  2 ball pythons
  10 bats
  4 giant cockroaches
  10 goblins
  10 hobgoblins
  7 jackals
  4 quokkas
  4 frilled lizards
  A hobgoblin zombie (Ossuary)
  A jackal zombie (Ossuary)
  43 kobolds
  2 orc zombies (Ossuary)
  9 rats
  2 rat zombies (Ossuary)
  A fungus (D:7)
  5 plants (D:8)
370 creatures vanquished.

Vanquished Creatures (others)
  A fungus (D:8)
  6 plants
7 creatures vanquished.

Grand Total: 377 creatures vanquished

Notes
Turn   | Place    | Note
-------+----------+-------------------------------------------
     0 | D:1      | rumpelstilzz the Troll Warper began the quest for the Orb.
     0 | D:1      | Reached XP level 1. HP: 19/19 MP: 2/2
   138 | D:1      | Reached skill level 2 in Throwing
   171 | D:1      | Reached XP level 2. HP: 9/28 MP: 3/3
   601 | D:1      | HP: 1/28 [poisoned by a goblin]
   638 | D:1      | Reached XP level 3. HP: 34/35 MP: 4/4
  1538 | D:2      | Noticed Robin
  1563 | D:2      | Killed Robin
  1567 | D:2      | Gained mutation: Your natural rate of healing is unusually
                  | fast. [Troll growth]
  1567 | D:2      | Reached XP level 4. HP: 11/42 MP: 5/5
  1567 | D:2      | HP: 1/42 [hobgoblin/+0 club[Robin] (10)]
  1653 | D:2      | Found a shimmering altar of Xom.
  2154 | D:3      | Noticed an ogre
  2158 | D:3      | Killed an ogre
  2159 | D:3      | Reached skill level 1 in Maces & Flails
  2159 | D:3      | Reached XP level 5. HP: 38/50 MP: 6/6
  2300 | D:3      | Reached XP level 6. HP: 35/59 MP: 7/7
  2742 | D:3      | Learned a level 3 spell: Portal Projectile
  2766 | D:4      | Reached skill level 3 in Throwing
  2851 | D:4      | Found Sofe's Assorted Antiques.
  2891 | D:4      | Found a staircase to the Ecumenical Temple.
  2915 | D:4      | Learned a level 3 spell: Tukima's Dance
  2918 | D:4      | Learned a level 2 spell: Ensorcelled Hibernation
  2922 | Temple   | Entered the Ecumenical Temple
  3037 | Temple   | Became a worshipper of Qazlal Stormbringer
  3243 | D:4      | Reached XP level 7. HP: 56/67 MP: 9/9
  3252 | D:4      | Reached skill level 1 in Unarmed Combat
  3469 | D:4      | Found Gozag's Platinum Reserve.
  3471 | D:4      | Found an opulent altar of Gozag.
  3579 | D:5      | Entered Level 5 of the Dungeon
  3833 | D:5      | Reached XP level 8. HP: 36/76 MP: 9/11
  3880 | D:5      | Reached * piety under Qazlal
  3881 | D:5      | Reached skill level 4 in Throwing
  3968 | D:5      | Found a transporter.
  3968 | D:5      | Found a transporter.
  4105 | D:5      | Found a hazy altar of Hepliaklqana.
  4106 | D:5      | Found a shadowy altar of Dithmenos.
  4317 | D:6      | Found a burning altar of Makhleb.
  4412 | D:6      | Found a glowing drain.
  4421 | Sewer    | Entered a sewer
  4454 | Sewer    | Noticed Purgy
  4458 | Sewer    | Killed Purgy
  4593 | D:6      | Found a runed translucent gate.
  4593 | D:6      | Found a runed translucent gate.
  4593 | D:6      | Found a runed translucent gate.
  4593 | D:6      | Noticed polpettosauro's ghost (novice OgFE)
  4593 | D:6      | Noticed a kobold demonologist
  4700 | D:6      | Found an iron altar of Okawaru.
  4707 | D:6      | Found Sessod's Food Shoppe.
  4766 | D:6      | Reached XP level 9. HP: 26/85 MP: 13/13
  4940 | D:6      | Reached ** piety under Qazlal
  5028 | D:6      | Reached skill level 5 in Throwing
  5268 | D:6      | Found a bloodstained altar of Trog.
  5325 | D:6      | Found a corrupted altar of Lugonu.
  5543 | D:7      | Found an ancient bone altar of Kikubaaqudgha.
  5592 | D:7      | Found a sand-covered staircase.
  5604 | Ossuary  | Entered an ossuary
  5617 | Ossuary  | Reached skill level 1 in Hexes
  5798 | D:7      | Reached skill level 5 in Dodging
  5979 | D:7      | Reached *** piety under Qazlal
  6041 | D:7      | Reached skill level 1 in Invocations
  6388 | D:7      | Found a sacrificial altar of Ru.
  6418 | D:7      | Found Zin's Purification Station.
  6424 | D:7      | Found a glowing silver altar of Zin.
  6427 | D:7      | Bought a potion of curing for 75 gold pieces
  6490 | D:8      | Reached skill level 5 in Fighting
  6498 | D:7      | Reached skill level 1 in Ice Magic
  6499 | D:7      | Reached skill level 1 in Evocations
  6574 | D:8      | Found a staircase to the Lair.
  6580 | D:8      | Reached XP level 10. HP: 92/96 MP: 15/15
  6642 | D:8      | Found a hide-covered altar of Uskayaw.
  6642 | D:8      | Noticed a two-headed ogre
  6648 | D:8      | Killed a two-headed ogre
  6756 | D:8      | Reached **** piety under Qazlal
  6850 | D:8      | Reached skill level 6 in Throwing
  6949 | D:8      | Noticed Harold
  6959 | D:8      | Killed Harold
  7055 | D:8      | Found a shattered altar of Ashenzari.
  7653 | D:9      | Found Cukka's Magic Scroll Shop.
  7678 | D:9      | Bought a scroll of enchant weapon for 112 gold pieces
  7694 | D:9      | Reached skill level 5 in Spellcasting
  7698 | D:9      | Reached XP level 11. HP: 105/105 MP: 17/17
  7720 | D:9      | Reached skill level 5 in Maces & Flails
  7740 | D:9      | Noticed Nergalle
  7757 | D:9      | Killed Nergalle
  8129 | D:9      | Found a basalt altar of Yredelemnul.
  8139 | D:9      | Found a glowing golden altar of the Shining One.
  8142 | D:9      | Noticed an angel
  8275 | D:10     | Entered Level 10 of the Dungeon
  8276 | D:10     | Noticed a two-headed ogre
  8287 | D:9      | Killed a two-headed ogre
  8416 | D:10     | Reached ***** piety under Qazlal
  8513 | D:10     | Noticed an eight-headed hydra
  8518 | D:10     | Killed an eight-headed hydra
  8519 | D:10     | Reached skill level 5 in Translocations
  8593 | D:10     | Noticed a cyclops
  8638 | D:10     | Noticed a brown ugly thing
  8711 | D:10     | Killed a cyclops
  8714 | D:10     | Killed a brown ugly thing
  8782 | D:10     | Reached skill level 7 in Throwing
  9041 | D:10     | Noticed a tengu warrior
  9053 | D:10     | Killed a tengu warrior
  9090 | D:10     | Found a roughly hewn altar of Beogh.
  9090 | D:10     | Found a staircase to the Orcish Mines.
  9226 | Orc      | Entered the Orcish Mines
  9328 | Orc      | Noticed Fannar
  9344 | D:10     | Killed from afar by Fannar

Skill      XL: |  1  2  3  4  5  6  7  8  9 10 11 |
---------------+----------------------------------+-----
Throwing       | 2 3 4 5 6 7 |  7.1
Dodging        | 2 3 4 5 6 |  6.7
Fighting       | 2 3 4 5 6 |  6.5
Maces & Flails | 1 2 3 4 5 |  5.5
Spellcasting   | 2 3 4 5 |  5.6
Unarmed Combat | 1 2 3 4 |  4.8
Translocations | 3 4 5 |  5.3
Hexes          | 1 2 3 |  3.7
Invocations    | 1 2 3 |  3.6
Ice Magic      | 1 2 |  2.6
Evocations     | 1 2 |  2.5
Short Blades   | |  0.6
Stealth        | |  0.2

Action                   |  1- 3 |  4- 6 |  7- 9 | 10-12 || total
-------------------------+-------+-------+-------+-------++-------
Melee: Dagger            |   231 |       |       |       ||   231
       Club              |    59 |     5 |       |       ||    64
       Mace              |       |    10 |       |       ||    10
       Flail             |       |    93 |   176 |       ||   269
       Dire flail        |       |       |   209 |    23 ||   232
       Giant spiked club |       |       |       |   294 ||   294
Throw: Large rock        |     9 |    26 |    48 |    19 ||   102
       Javelin           |       |       |       |    12 ||    12
       Stone             |       |       |       |     3 ||     3
  Use: Scroll            |       |     6 |    16 |     6 ||    28
       Potion            |       |       |       |     1 ||     1
  Eat: Chunk             |    21 |    18 |    35 |    33 ||   107
Armor: Skin              |   121 |    51 |   213 |   188 ||   573
Dodge: Dodged            |   167 |    62 |   264 |   308 ||   801
       Deflected         |       |       |       |    14 ||    14
Block: Other             |       |       |    32 |   168 ||   200
